Punishers vs Mustangs
Created - 25 janvier 2017 at 23:51
Goals
|
| Punishers |
1 |
5 |
1 |
7 |
| Mustangs |
3 |
0 |
3 |
6 |
|
Shots
|
| Punishers |
8 |
16 |
13 |
37 |
| Mustangs |
15 |
3 |
13 |
31 |
|
1st period
1. Mustangs , Brandon Saad 6 (Jim O'Brien, Peter Mannino) at 7:43
2. Mustangs , Eric Wellwood 20 (Riley Armstrong, Reilly Smith) at 12:30
3. Mustangs , Eric Wellwood 21 (Reilly Smith, Riley Armstrong) at 12:58
4. Punishers , Mike Weber 3 (Petteri Nokelainen, Mike Sauer) at 18:19 (PP)
Penalties :
Tanner Glass (Pro) for Slashing (Minor) at 5:20, Cameron Gaunce (Ham) for Tripping (Minor) at 14:32, Brandon Saad (Ham) for Holding (Minor) at 18:03
2nd period
5. Punishers , Boone Jenner 4 (Tanner Glass, Dainius Zubrus) at 8:07
6. Punishers , Luke Adam 20 (Miikka Salomaki, Petteri Nokelainen) at 9:21
7. Punishers , Petteri Nokelainen 15 (Mike Weber, Luke Adam) at 13:34
8. Punishers , Mike Weber 4 (Ryan Malone, Casey Cizikas) at 14:31
9. Punishers , Miikka Salomaki 8 (Mike Weber, Luke Adam) at 15:34 (PP)
Penalties :
Mike Sauer (Pro) for Cross-checking (Minor) at 0:32, Miikka Salomaki (Pro) for Slashing (Minor) at 10:40, Reilly Smith (Ham) for Hooking (Minor) at 14:59, Cameron Gaunce (Ham) for Boarding (Minor) at 15:59, Boone Jenner (Pro) for Roughing (Minor) at 19:19
3rd period
10. Punishers , Dainius Zubrus 16 (Simon Despres) at 1:08 (SH)
11. Mustangs , Riley Armstrong 23 (Reilly Smith) at 3:38
12. Mustangs , Riley Nash 6 (Jerome Samson, Denis Bodrov) at 13:51
13. Mustangs , Riley Armstrong 24 (Reilly Smith, Eric Wellwood) at 18:02 (PP)
Penalties :
Riley Armstrong (Ham) for Interference (Minor) at 6:15, Joe Finley (Ham) for Roughing (Minor) at 10:20, Tanner Glass (Pro) for Hooking (Minor) at 17:11, Mike Weber (Pro) for Roughing (Minor) at 18:59
Goalie Stats
Niklas Svedberg (Pro), 25 saves from 31 shots - (0,806), W, 8-2-0, 60:00 minutes
Peter Mannino (Ham), 16 saves from 21 shots - (0,762), 34:31 minutes
Chet Pickard (Ham), 14 saves from 16 shots - (0,875), L, 5-6-1, 24:37 minutes
Players Stats for Punishers
Player Name G A P +/- PIM S H SB GA TA FO MP PP MP PK MP
------------------------------------------------------------------------------------
Adam McQuaid 0 0 0 0 0 2 1 1 0 2 0/0 21:06 3:20 3:25
Alex Petrovic 0 0 0 0 0 0 1 0 0 1 0/0 10:00 0:00 0:00
Boone Jenner 1 0 1 1 2 1 0 0 0 0 5/9 17:33 3:34 2:16
Casey Cizikas 0 1 1 1 0 1 0 0 3 0 3/4 9:22 0:05 0:00
Dainius Zubrus 1 1 2 2 0 5 0 0 0 0 0/0 17:16 3:39 2:38
Frazer Mclaren 0 0 0 1 0 0 2 0 0 0 0/0 9:09 0:00 0:00
Luke Adam 1 2 3 -3 0 2 1 1 3 0 14/32 18:22 5:02 0:00
Matt Mackenzie 0 0 0 0 0 0 0 0 0 0 0/0 11:36 0:00 1:49
Michael Ferland 0 0 0 1 0 0 0 0 0 0 0/0 8:28 0:06 1:14
Miikka Salomaki 1 1 2 -3 2 1 1 0 0 0 2/3 18:15 4:57 0:00
Mike Sauer 0 1 1 0 2 3 4 0 0 3 0/0 28:19 5:28 5:33
Mike Weber 2 2 4 0 2 8 0 4 2 1 0/0 28:20 5:28 5:47
Petteri Nokelainen 1 2 3 -3 0 2 1 2 0 1 5/16 25:20 5:02 6:17
Philippe Paradis 0 0 0 0 0 1 0 0 0 0 1/6 7:58 0:16 0:00
Radek Smolenak 0 0 0 0 0 4 1 0 1 0 0/0 7:52 0:00 0:52
Ryan Malone 0 1 1 1 0 1 0 0 0 0 1/1 16:16 0:00 6:17
Simon Despres 0 1 1 0 0 0 2 1 0 0 0/0 20:39 3:19 3:00
Tanner Glass 0 1 1 1 4 6 1 0 0 1 0/1 14:16 3:39 0:00
Players Stats for Mustangs
Player Name G A P +/- PIM S H SB GA TA FO MP PP MP PK MP
------------------------------------------------------------------------------------
Alexei Marchenko 0 0 0 0 0 1 2 1 2 0 0/0 20:02 3:09 3:12
Brandon Saad 1 0 1 -1 2 1 1 0 0 0 0/0 9:24 0:00 0:13
Cameron Gaunce 0 0 0 1 4 1 4 3 0 2 0/0 28:02 6:38 3:01
Denis Bodrov 0 1 1 1 0 0 2 3 0 1 0/0 29:55 6:38 5:31
Eric Wellwood 2 1 3 1 0 3 0 1 0 2 0/1 24:09 5:46 4:54
J.T. Wyman 0 0 0 -1 0 0 0 0 2 0 0/0 9:12 0:00 0:00
Jerome Samson 0 1 1 2 0 3 0 0 0 0 0/0 7:51 0:00 0:00
Jim O'Brien 0 1 1 -1 0 0 1 0 0 1 4/8 12:09 0:00 2:17
Joe Finley 0 0 0 0 2 1 2 0 0 1 0/0 18:33 3:09 2:20
Joshua Leivo 0 0 0 2 0 1 1 0 0 0 0/0 7:51 0:00 0:00
Marcus Foligno 0 0 0 -2 0 2 0 0 0 1 0/1 16:00 4:01 1:44
Mark Pysyk 0 0 0 -1 0 0 0 2 0 0 0/0 12:03 0:00 2:04
Reilly Smith 0 4 4 1 2 4 2 0 0 0 1/2 18:34 5:46 0:00
Rick Schofield 0 0 0 -2 0 4 3 0 3 0 6/11 17:31 4:01 2:36
Riley Armstrong 2 2 4 1 2 6 3 1 2 0 28/45 22:16 5:46 3:41
Riley Nash 1 0 1 2 0 2 1 0 0 0 2/4 8:04 0:00 0:13
Ryan Keller 0 0 0 -2 0 2 2 0 0 0 0/0 16:51 4:01 1:56
Scott Mayfield 0 0 0 -1 0 0 1 0 0 1 0/0 12:40 0:00 1:26
3 Stars
1 - Riley Armstrong (Ham)
2 - Eric Wellwood (Ham)
3 - Mike Weber (Pro)
Power Play
Punishers - 2 on 6 Attempt(s) - 33,33%
Mustangs - 1 on 6 Attempt(s) - 16,67%
Penalty Kill
Punishers - 5 on 6 Attempt(s) - 83,33%
- Score 1 goal in Penalty Kill
Mustangs - 4 on 6 Attempt(s) - 66,67%
- Score 0 goal in Penalty Kill
Team Stat
Punishers - Hits : 15 - Faceoff Wins : 31 - Blocked Shots : 9 - Penalty Minutes : 12
Mustangs - Hits : 25 - Faceoff Wins : 41 - Blocked Shots : 11 - Penalty Minutes : 12
Official
Referees : Lee Chris and LaRue Dennis
Linesman : Brian Mach and Derek Amell
Game Notes
Chet Pickard enters game at 14:31 of 2nd period
Finance
Level 1 -- Attendance: 1615 (80,75%) -- Ticket Income 64 600 $
Level 2 -- Attendance: 694 (69,40%) -- Ticket Income 13 880 $
Total Attendance: 2309 (76,97%)
Total Ticket Income: 78 480 $
Other Income: 3 924 $
Total Income: 82 404 $
Punishers
5 vs 5 Forward
Center Left Wing Right Wing Time % Phy DF OF
1 Luke Adam Petteri Nokelainen Miikka Salomaki 40 1 2 2
2 Boone Jenner Tanner Glass Dainius Zubrus 30 1 2 2
3 Casey Cizikas Frazer Mclaren Ryan Malone 20 1 2 2
4 Philippe Paradis Radek Smolenak Michael Ferland 10 1 2 2
5 vs 5 Defense
Defense Defense Time % Phy DF OF
1 Mike Weber Mike Sauer 40 1 2 2
2 Adam McQuaid Simon Despres 30 1 2 2
3 Alex Petrovic Matt Mackenzie 20 1 2 2
4 Mike Weber Mike Sauer 10 1 2 2
PowerPlay Forward
Center Left Wing Right Wing Time % Phy DF OF
1 Luke Adam Petteri Nokelainen Miikka Salomaki 60 1 2 2
2 Boone Jenner Tanner Glass Dainius Zubrus 40 1 2 2
PowerPlay Defense
Defense Defense Time % Phy DF OF
1 Mike Weber Mike Sauer 60 1 2 2
2 Adam McQuaid Simon Despres 40 1 2 2
Penalty Kill 4 Players Forward
Center Wing Time % Phy DF OF
1 Petteri Nokelainen Ryan Malone 60 1 2 2
2 Boone Jenner Dainius Zubrus 40 1 2 2
Penalty Kill 4 Players Defense
Defense Defense Time % Phy DF OF
1 Mike Weber Mike Sauer 60 1 2 2
2 Adam McQuaid Simon Despres 40 1 2 2
Penalty Kill - 3 Players Forward
Forward Time % Phy DF OF
1 Luke Adam 60 1 2 2
2 Casey Cizikas 40 1 2 2
Penalty Kill - 3 Players Defense
Defense Defense Time % Phy DF OF
1 Mike Weber Mike Sauer 60 1 2 2
2 Adam McQuaid Simon Despres 40 1 2 2
4 vs 4 Forward
Center Wing Time % Phy DF OF
1 Ryan Malone Dainius Zubrus 60 1 2 2
2 Petteri Nokelainen Tanner Glass 40 1 2 2
4 vs 4 Defense
Defense Defense Time % Phy DF OF
1 Mike Weber Mike Sauer 60 1 2 2
2 Adam McQuaid Simon Despres 40 1 2 2
Last Minutes Offensive
Center Left Wing Right Wing Defense Defense
Petteri Nokelainen Ryan Malone Dainius Zubrus Mike Weber Mike Sauer
Last Minutes Defensive
Center Left Wing Right Wing Defense Defense
Petteri Nokelainen Ryan Malone Dainius Zubrus Mike Weber Mike Sauer
Goaltenders
Starting : Niklas Svedberg
Backup : Kevin Poulin
Extra Forwards
Normal : Luke Adam, Philippe Paradis, Michael Ferland - PP : Boone Jenner, Philippe Paradis - PK : Michael Ferland
Extra Defensemen
Normal : Alex Petrovic, Matt Mackenzie, Adam McQuaid - PP : Alex Petrovic - PK : Matt Mackenzie, Adam McQuaid
Penalty Shots
Ryan Malone, Dainius Zubrus, Tanner Glass, Petteri Nokelainen, Frazer Mclaren
Mustangs
5 vs 5 Forward
Center Left Wing Right Wing Time % Phy DF OF
1 Riley Armstrong Eric Wellwood Reilly Smith 40 0 2 3
2 Rick Schofield Marcus Foligno Ryan Keller 30 0 2 3
3 Jim O'Brien Brandon Saad J.T. Wyman 20 0 2 3
4 Riley Nash Joshua Leivo Jerome Samson 10 0 2 3
5 vs 5 Defense
Defense Defense Time % Phy DF OF
1 Cameron Gaunce Denis Bodrov 45 1 2 2
2 Joe Finley Alexei Marchenko 33 1 2 2
3 Mark Pysyk Scott Mayfield 22 1 2 2
4 Alexei Marchenko Scott Mayfield 0 1 2 2
PowerPlay Forward
Center Left Wing Right Wing Time % Phy DF OF
1 Riley Armstrong Eric Wellwood Reilly Smith 60 0 0 5
2 Rick Schofield Marcus Foligno Ryan Keller 40 0 0 5
PowerPlay Defense
Defense Defense Time % Phy DF OF
1 Cameron Gaunce Denis Bodrov 60 0 1 4
2 Joe Finley Alexei Marchenko 40 0 1 4
Penalty Kill 4 Players Forward
Center Wing Time % Phy DF OF
1 Riley Armstrong Eric Wellwood 60 0 5 0
2 Rick Schofield Ryan Keller 40 0 5 0
Penalty Kill 4 Players Defense
Defense Defense Time % Phy DF OF
1 Cameron Gaunce Denis Bodrov 60 1 4 0
2 Joe Finley Alexei Marchenko 40 1 4 0
Penalty Kill - 3 Players Forward
Forward Time % Phy DF OF
1 Eric Wellwood 60 0 5 0
2 Riley Armstrong 40 0 5 0
Penalty Kill - 3 Players Defense
Defense Defense Time % Phy DF OF
1 Cameron Gaunce Denis Bodrov 60 1 4 0
2 Joe Finley Alexei Marchenko 40 1 4 0
4 vs 4 Forward
Center Wing Time % Phy DF OF
1 Riley Armstrong Reilly Smith 60 0 1 4
2 Rick Schofield Ryan Keller 40 0 1 4
4 vs 4 Defense
Defense Defense Time % Phy DF OF
1 Cameron Gaunce Denis Bodrov 60 0 2 3
2 Joe Finley Alexei Marchenko 40 0 2 3
Last Minutes Offensive
Center Left Wing Right Wing Defense Defense
Riley Armstrong Eric Wellwood Reilly Smith Cameron Gaunce Denis Bodrov
Last Minutes Defensive
Center Left Wing Right Wing Defense Defense
Rick Schofield Marcus Foligno Ryan Keller Cameron Gaunce Denis Bodrov
Goaltenders
Starting : Peter Mannino
Backup : Chet Pickard
Extra Forwards
Normal : Riley Armstrong, Marcus Foligno, Ryan Keller - PP : Brandon Saad, Eric Wellwood - PK : Eric Wellwood
Extra Defensemen
Normal : Cameron Gaunce, Alexei Marchenko, Scott Mayfield - PP : Alexei Marchenko - PK : Joe Finley, Mark Pysyk
Penalty Shots
Brandon Saad, Reilly Smith, Marcus Foligno, Eric Wellwood, Ryan Keller
% Time on Ice - Punishers
Lines # - Real PCT - Wanted PCT - Time Play
Normal Forward
1 - 35% - 40% - 14:19
2 - 27% - 30% - 10:59
3 - 22% - 20% - 9:09
4 - 17% - 10% - 6:59
Normal Defense
1 - 39% - 40% - 16:18
2 - 35% - 30% - 14:20
3 - 24% - 20% - 9:47
4 - 2% - 10% - 1:01
PP Forward
1 - 58% - 60% - 5:08
2 - 42% - 40% - 3:39
PP Defense
1 - 62% - 60% - 5:28
2 - 38% - 40% - 3:19
PK Forward
1 - 73% - 60% - 7:09
2 - 27% - 40% - 2:38
PK Defense
1 - 69% - 60% - 6:47
2 - 31% - 40% - 3:00
PK3 Forward
1 - 0% - 60%
2 - 0% - 40%
PK3 Defense
1 - 0% - 60%
2 - 0% - 40%
44 Forward
1 - 0% - 60%
2 - 0% - 40%
44 Defense
1 - 0% - 60%
2 - 0% - 40%
Last Minute Offensive - 0:00
Last Minute Defensive - 0:00
Total
Forward - 60:00
Defense - 60:00
|
% Time on Ice - Mustangs
Lines # - Real PCT - Wanted PCT - Time Play
Normal Forward
1 - 33% - 40% - 13:29
2 - 26% - 30% - 10:54
3 - 22% - 20% - 9:12
4 - 19% - 10% - 7:51
Normal Defense
1 - 44% - 45% - 18:25
2 - 32% - 33% - 13:05
3 - 23% - 22% - 9:28
4 - 1% - 0% - 0:28
PP Forward
1 - 59% - 60% - 5:46
2 - 41% - 40% - 4:01
PP Defense
1 - 68% - 60% - 6:38
2 - 32% - 40% - 3:09
PK Forward
1 - 78% - 60% - 6:51
2 - 22% - 40% - 1:56
PK Defense
1 - 73% - 60% - 6:24
2 - 27% - 40% - 2:23
PK3 Forward
1 - 0% - 60%
2 - 0% - 40%
PK3 Defense
1 - 0% - 60%
2 - 0% - 40%
44 Forward
1 - 0% - 60%
2 - 0% - 40%
44 Defense
1 - 0% - 60%
2 - 0% - 40%
Last Minute Offensive - 0:00
Last Minute Defensive - 0:00
Total
Forward - 60:00
Defense - 60:00
|
Play by Play
1st period
0:01 of 1st period - Luke Adam wins face-off versus Riley Armstrong in neutral zone.
0:04 of 1st period - Slapshot by Mike Weber.
0:04 of 1st period - Shot Misses the Net.
0:10 of 1st period - Mike Sauer is hit by Riley Armstrong and loses puck.
0:15 of 1st period - Snap shot by Riley Armstrong.
0:15 of 1st period - Shot Misses the Net.
0:35 of 1st period - Luke Adam is hit by Joe Finley and loses puck.
1:18 of 1st period - Adam McQuaid is hit by Joshua Leivo and loses puck.
2:43 of 1st period - Wrist shot by Jim O'Brien.
2:43 of 1st period - Shot Misses the Net.
3:01 of 1st period - Snap shot by Mike Weber.
3:01 of 1st period - Stopped by Peter Mannino without a rebound.
3:02 of 1st period - Luke Adam wins face-off versus Rick Schofield in Mustangs zone.
3:14 of 1st period - Simon Despres is hit by Cameron Gaunce and loses puck.
3:23 of 1st period - Wrist shot by Marcus Foligno.
3:23 of 1st period - Stopped by Niklas Svedberg with a rebound.
3:25 of 1st period - Slapshot by Alexei Marchenko.
3:25 of 1st period - Stopped by Niklas Svedberg with a rebound.
3:37 of 1st period - Snap shot by Petteri Nokelainen.
3:37 of 1st period - Shot Misses the Net.
3:55 of 1st period - Wrist shot by Marcus Foligno.
3:55 of 1st period - Deflect By Simon Despres.
3:55 of 1st period - Stopped by Niklas Svedberg with a rebound.
3:57 of 1st period - Wrist shot by Rick Schofield.
3:57 of 1st period - Stopped by Niklas Svedberg with a rebound.
3:59 of 1st period - Slapshot by Scott Mayfield.
3:59 of 1st period - Deflect By Marcus Foligno.
3:59 of 1st period - Shot Blocked by Adam McQuaid.
3:59 of 1st period - Puck is out of play.
4:00 of 1st period - Riley Armstrong wins face-off versus Boone Jenner in Punishers zone.
4:44 of 1st period - Snap shot by Riley Nash.
4:44 of 1st period - Stopped by Niklas Svedberg with a rebound.
5:20 of 1st period - Minor Penalty to Tanner Glass for Slashing.
5:21 of 1st period - Riley Armstrong wins face-off versus Petteri Nokelainen in Punishers zone.
5:26 of 1st period - Wrist shot by Riley Armstrong.
5:26 of 1st period - Shot Misses the Net.
5:28 of 1st period - Slapshot by Joe Finley.
5:28 of 1st period - Stopped by Niklas Svedberg without a rebound.
5:29 of 1st period - Riley Armstrong wins face-off versus Petteri Nokelainen in Punishers zone.
5:42 of 1st period - Wrist shot by Reilly Smith.
5:42 of 1st period - Shot Misses the Net.
5:44 of 1st period - Backhand shot by Alexei Marchenko.
5:44 of 1st period - Shot Blocked by Mike Weber.
6:04 of 1st period - Backhand shot by Ryan Keller.
6:04 of 1st period - Deflect By Rick Schofield.
6:04 of 1st period - Stopped by Niklas Svedberg with a rebound.
7:20 of 1st period - Penalty to Tanner Glass is over, Tanner Glass is back on ice.
7:43 of 1st period - Snap shot by Brandon Saad.
7:43 of 1st period - Goal by Brandon Saad - Punishers : 0 - Mustangs : 1.
7:44 of 1st period - Boone Jenner wins face-off versus Rick Schofield in neutral zone.
7:49 of 1st period - Slapshot by Tanner Glass.
7:49 of 1st period - Shot Blocked by Cameron Gaunce.
8:16 of 1st period - Wrist shot by Reilly Smith.
8:16 of 1st period - Shot Blocked by Simon Despres.
8:18 of 1st period - Snap shot by Riley Armstrong.
8:18 of 1st period - Stopped by Niklas Svedberg with a rebound.
8:20 of 1st period - Snap shot by Reilly Smith.
8:20 of 1st period - Deflect By Petteri Nokelainen.
8:20 of 1st period - Stopped by Niklas Svedberg with a rebound.
8:22 of 1st period - Slapshot by Denis Bodrov.
8:22 of 1st period - Shot Misses the Net.
8:36 of 1st period - Scott Mayfield is hit by Frazer Mclaren and loses puck.
8:45 of 1st period - Frazer Mclaren is hit by Alexei Marchenko and loses puck.
9:32 of 1st period - Radek Smolenak is hit by Scott Mayfield and loses puck.
11:44 of 1st period - Wrist shot by Tanner Glass.
11:44 of 1st period - Deflect By Boone Jenner.
11:44 of 1st period - Shot Misses the Net.
11:44 of 1st period - Puck is out of play.
11:45 of 1st period - Boone Jenner wins face-off versus Riley Nash in Mustangs zone.
11:48 of 1st period - Slapshot by Tanner Glass.
11:48 of 1st period - Shot Blocked by Denis Bodrov.
12:02 of 1st period - Snap shot by Tanner Glass.
12:02 of 1st period - Stopped by Peter Mannino with a rebound.
12:16 of 1st period - Wrist shot by Tanner Glass.
12:16 of 1st period - Stopped by Peter Mannino without a rebound.
12:17 of 1st period - Riley Armstrong wins face-off versus Luke Adam in Mustangs zone.
12:30 of 1st period - Wrist shot by Eric Wellwood.
12:30 of 1st period - Goal by Eric Wellwood - Punishers : 0 - Mustangs : 2.
12:31 of 1st period - Luke Adam wins face-off versus Riley Armstrong in neutral zone.
12:40 of 1st period - Snap shot by Riley Armstrong.
12:40 of 1st period - Deflect By Reilly Smith.
12:40 of 1st period - Shot Blocked by Mike Weber.
12:40 of 1st period - Puck is out of play.
12:41 of 1st period - Riley Armstrong wins face-off versus Miikka Salomaki in Punishers zone.
12:42 of 1st period - Slapshot by Eric Wellwood.
12:42 of 1st period - Shot Misses the Net.
12:44 of 1st period - Slapshot by Reilly Smith.
12:44 of 1st period - Shot Blocked by Mike Weber.
12:54 of 1st period - Wrist shot by Eric Wellwood.
12:54 of 1st period - Shot Misses the Net.
12:56 of 1st period - Snap shot by Reilly Smith.
12:56 of 1st period - Stopped by Niklas Svedberg with a rebound.
12:58 of 1st period - Snap shot by Eric Wellwood.
12:58 of 1st period - Goal by Eric Wellwood - Punishers : 0 - Mustangs : 3.
12:59 of 1st period - Petteri Nokelainen wins face-off versus Reilly Smith in neutral zone.
13:04 of 1st period - Wrist shot by Luke Adam.
13:04 of 1st period - Stopped by Peter Mannino without a rebound.
13:05 of 1st period - Riley Armstrong wins face-off versus Luke Adam in Mustangs zone.
13:50 of 1st period - Boone Jenner is hit by Brandon Saad and loses puck.
14:32 of 1st period - Minor Penalty to Cameron Gaunce for Tripping.
14:33 of 1st period - Luke Adam wins face-off versus Riley Armstrong in Mustangs zone.
14:37 of 1st period - Slapshot by Luke Adam.
14:37 of 1st period - Shot Blocked by Mark Pysyk.
15:29 of 1st period - Adam McQuaid is hit by Rick Schofield and loses puck.
16:32 of 1st period - Penalty to Cameron Gaunce is over, Cameron Gaunce is back on ice.
16:45 of 1st period - Slapshot by Ryan Malone.
16:45 of 1st period - Stopped by Peter Mannino with a rebound.
17:00 of 1st period - Snap shot by Rick Schofield.
17:00 of 1st period - Shot Misses the Net.
17:02 of 1st period - Backhand shot by Rick Schofield.
17:02 of 1st period - Stopped by Niklas Svedberg without a rebound.
17:03 of 1st period - Jim O'Brien wins face-off versus Philippe Paradis in Punishers zone.
17:06 of 1st period - Wrist shot by J.T. Wyman.
17:06 of 1st period - Shot Blocked by Mike Weber.
17:30 of 1st period - Alexei Marchenko is hit by Mike Sauer and loses puck.
17:55 of 1st period - Wrist shot by Dainius Zubrus.
17:55 of 1st period - Shot Misses the Net.
17:57 of 1st period - Slapshot by Adam McQuaid.
17:57 of 1st period - Deflect By Dainius Zubrus.
17:57 of 1st period - Stopped by Peter Mannino with a rebound.
18:03 of 1st period - Minor Penalty to Brandon Saad for Holding.
18:04 of 1st period - Luke Adam wins face-off versus Riley Armstrong in Mustangs zone.
18:19 of 1st period - Slapshot by Mike Weber.
18:19 of 1st period - Goal by Mike Weber - Punishers : 1 - Mustangs : 3.
18:20 of 1st period - Riley Armstrong wins face-off versus Luke Adam in neutral zone.
18:47 of 1st period - Icing by Mike Weber.
18:48 of 1st period - Boone Jenner wins face-off versus Marcus Foligno in Punishers zone.
19:01 of 1st period - Wrist shot by Dainius Zubrus.
19:01 of 1st period - Shot Misses the Net.
19:03 of 1st period - Wrist shot by Dainius Zubrus.
19:03 of 1st period - Stopped by Peter Mannino without a rebound.
19:04 of 1st period - Riley Armstrong wins face-off versus Petteri Nokelainen in Mustangs zone.
19:09 of 1st period - Slapshot by Cameron Gaunce.
19:09 of 1st period - Stopped by Niklas Svedberg with a rebound.
Goals for this period are 1 for Punishers vs 3 for Mustangs.
Shots for this period are 8 for Punishers vs 15 for Mustangs.
2nd period
0:01 of 2nd period - Riley Armstrong wins face-off versus Luke Adam in neutral zone.
0:26 of 2nd period - Mike Sauer is hit by Cameron Gaunce and loses puck.
0:32 of 2nd period - Minor Penalty to Mike Sauer for Cross-checking.
0:33 of 2nd period - Petteri Nokelainen wins face-off versus Riley Armstrong in Punishers zone.
0:33 of 2nd period - Petteri Nokelainen is hit by Riley Armstrong.
2:32 of 2nd period - Penalty to Mike Sauer is over, Mike Sauer is back on ice.
3:02 of 2nd period - Snap shot by Mike Sauer.
3:02 of 2nd period - Deflect By Alexei Marchenko.
3:02 of 2nd period - Stopped by Peter Mannino with a rebound.
3:33 of 2nd period - Slapshot by Mike Sauer.
3:33 of 2nd period - Stopped by Peter Mannino with a rebound.
3:54 of 2nd period - Cameron Gaunce is hit by Radek Smolenak and loses puck.
4:27 of 2nd period - Snap shot by Casey Cizikas.
4:27 of 2nd period - Shot Misses the Net.
4:47 of 2nd period - Dainius Zubrus is hit by Riley Nash and loses puck.
4:58 of 2nd period - Boone Jenner is hit by Alexei Marchenko and loses puck.
5:25 of 2nd period - Riley Armstrong is hit by Petteri Nokelainen and loses puck.
5:44 of 2nd period - Wrist shot by Joshua Leivo.
5:44 of 2nd period - Deflect By Jerome Samson.
5:44 of 2nd period - Shot Misses the Net.
5:44 of 2nd period - Puck is out of play.
5:45 of 2nd period - Casey Cizikas wins face-off versus Riley Nash in Punishers zone.
5:52 of 2nd period - Snap shot by Jerome Samson.
5:52 of 2nd period - Stopped by Niklas Svedberg with a rebound.
7:02 of 2nd period - Snap shot by Ryan Malone.
7:02 of 2nd period - Shot Blocked by Cameron Gaunce.
7:30 of 2nd period - Slapshot by Adam McQuaid.
7:30 of 2nd period - Stopped by Peter Mannino without a rebound.
7:31 of 2nd period - Riley Armstrong wins face-off versus Luke Adam in Mustangs zone.
7:38 of 2nd period - Mike Sauer is hit by Riley Armstrong.
7:56 of 2nd period - Alexei Marchenko is hit by Tanner Glass and loses puck.
8:03 of 2nd period - Snap shot by Tanner Glass.
8:03 of 2nd period - Stopped by Peter Mannino with a rebound.
8:05 of 2nd period - Snap shot by Tanner Glass.
8:05 of 2nd period - Stopped by Peter Mannino with a rebound.
8:07 of 2nd period - Wrist shot by Boone Jenner.
8:07 of 2nd period - Goal by Boone Jenner - Punishers : 2 - Mustangs : 3.
8:08 of 2nd period - Riley Armstrong wins face-off versus Luke Adam in neutral zone.
8:17 of 2nd period - Riley Armstrong is hit by Miikka Salomaki and loses puck.
8:34 of 2nd period - Mike Weber is hit by Ryan Keller and loses puck.
9:21 of 2nd period - Wrist shot by Luke Adam.
9:21 of 2nd period - Goal by Luke Adam - Punishers : 3 - Mustangs : 3.
9:22 of 2nd period - Luke Adam wins face-off versus Riley Armstrong in neutral zone.
9:30 of 2nd period - Icing by Eric Wellwood.
9:31 of 2nd period - Riley Armstrong wins face-off versus Luke Adam in Mustangs zone.
9:38 of 2nd period - Slapshot by Riley Armstrong.
9:38 of 2nd period - Stopped by Niklas Svedberg without a rebound.
9:39 of 2nd period - Riley Armstrong wins face-off versus Luke Adam in Punishers zone.
10:09 of 2nd period - Wrist shot by Dainius Zubrus.
10:09 of 2nd period - Shot Misses the Net.
10:11 of 2nd period - Snap shot by Tanner Glass.
10:11 of 2nd period - Shot Misses the Net.
10:13 of 2nd period - Wrist shot by Tanner Glass.
10:13 of 2nd period - Shot Misses the Net.
10:15 of 2nd period - Slapshot by Mike Sauer.
10:15 of 2nd period - Deflect By Tanner Glass.
10:15 of 2nd period - Stopped by Peter Mannino without a rebound.
10:16 of 2nd period - Boone Jenner wins face-off versus Eric Wellwood in Mustangs zone.
10:23 of 2nd period - Wrist shot by Dainius Zubrus.
10:23 of 2nd period - Stopped by Peter Mannino with a rebound.
10:40 of 2nd period - Minor Penalty to Miikka Salomaki for Slashing.
10:41 of 2nd period - Petteri Nokelainen wins face-off versus Riley Armstrong in Punishers zone.
10:41 of 2nd period - Petteri Nokelainen is hit by Reilly Smith.
11:04 of 2nd period - Eric Wellwood is hit by Mike Sauer and loses puck.
11:11 of 2nd period - Mike Weber is hit by Cameron Gaunce and loses puck.
11:22 of 2nd period - Wrist shot by Petteri Nokelainen.
11:22 of 2nd period - Shot Misses the Net.
11:24 of 2nd period - Slapshot by Mike Sauer.
11:24 of 2nd period - Stopped by Peter Mannino without a rebound.
11:25 of 2nd period - Boone Jenner wins face-off versus Rick Schofield in Mustangs zone.
11:56 of 2nd period - Joe Finley is hit by Mike Sauer and loses puck.
12:40 of 2nd period - Penalty to Miikka Salomaki is over, Miikka Salomaki is back on ice.
13:07 of 2nd period - Snap shot by Radek Smolenak.
13:07 of 2nd period - Deflect By Philippe Paradis.
13:07 of 2nd period - Shot Misses the Net.
13:07 of 2nd period - Puck is out of play.
13:08 of 2nd period - Riley Nash wins face-off versus Philippe Paradis in Mustangs zone.
13:28 of 2nd period - Wrist shot by Radek Smolenak.
13:28 of 2nd period - Stopped by Peter Mannino without a rebound.
13:29 of 2nd period - Luke Adam wins face-off versus Riley Armstrong in Mustangs zone.
13:30 of 2nd period - Slapshot by Petteri Nokelainen.
13:30 of 2nd period - Shot Misses the Net.
13:32 of 2nd period - Slapshot by Mike Weber.
13:32 of 2nd period - Shot Blocked by Eric Wellwood.
13:34 of 2nd period - Snap shot by Petteri Nokelainen.
13:34 of 2nd period - Goal by Petteri Nokelainen - Punishers : 4 - Mustangs : 3.
13:35 of 2nd period - Riley Armstrong wins face-off versus Luke Adam in neutral zone.
13:52 of 2nd period - Miikka Salomaki is hit by Reilly Smith and loses puck.
14:31 of 2nd period - Snap shot by Mike Weber.
14:31 of 2nd period - Goal by Mike Weber - Punishers : 5 - Mustangs : 3.
14:31 of 2nd period - Chet Pickard enters game.
14:32 of 2nd period - Riley Armstrong wins face-off versus Luke Adam in neutral zone.
14:59 of 2nd period - Minor Penalty to Reilly Smith for Hooking.
15:00 of 2nd period - Luke Adam wins face-off versus Riley Armstrong in Mustangs zone.
15:09 of 2nd period - Slapshot by Mike Weber.
15:09 of 2nd period - Stopped by Chet Pickard with a rebound.
15:11 of 2nd period - Slapshot by Miikka Salomaki.
15:11 of 2nd period - Deflect By Petteri Nokelainen.
15:11 of 2nd period - Shot Blocked by Denis Bodrov.
15:11 of 2nd period - Puck is out of play.
15:12 of 2nd period - Riley Armstrong wins face-off versus Luke Adam in Mustangs zone.
15:18 of 2nd period - Icing by Luke Adam.
15:19 of 2nd period - Luke Adam wins face-off versus Riley Armstrong in Punishers zone.
15:28 of 2nd period - Off-side.
15:29 of 2nd period - Luke Adam wins face-off versus Riley Armstrong in neutral zone.
15:32 of 2nd period - Slapshot by Mike Weber.
15:32 of 2nd period - Shot Blocked by Riley Armstrong.
15:34 of 2nd period - Slapshot by Miikka Salomaki.
15:34 of 2nd period - Goal by Miikka Salomaki - Punishers : 6 - Mustangs : 3.
15:35 of 2nd period - Riley Armstrong wins face-off versus Luke Adam in neutral zone.
15:44 of 2nd period - Snap shot by Eric Wellwood.
15:44 of 2nd period - Deflect By Riley Armstrong.
15:44 of 2nd period - Shot Blocked by Luke Adam.
15:44 of 2nd period - Puck is out of play.
15:45 of 2nd period - Riley Armstrong wins face-off versus Luke Adam in Punishers zone.
15:59 of 2nd period - Minor Penalty to Cameron Gaunce for Boarding.
16:00 of 2nd period - Luke Adam wins face-off versus Riley Armstrong in Mustangs zone.
16:40 of 2nd period - Denis Bodrov is hit by Mike Sauer and loses puck.
16:56 of 2nd period - Wrist shot by Petteri Nokelainen.
16:56 of 2nd period - Stopped by Chet Pickard with a rebound.
17:59 of 2nd period - Penalty to Cameron Gaunce is over, Cameron Gaunce is back on ice.
18:06 of 2nd period - Snap shot by Ryan Keller.
18:06 of 2nd period - Stopped by Niklas Svedberg without a rebound.
18:07 of 2nd period - Casey Cizikas wins face-off versus Jim O'Brien in Punishers zone.
19:03 of 2nd period - Off-side.
19:04 of 2nd period - Riley Armstrong wins face-off versus Boone Jenner in neutral zone.
19:19 of 2nd period - Minor Penalty to Boone Jenner for Roughing.
19:20 of 2nd period - Riley Armstrong wins face-off versus Petteri Nokelainen in Punishers zone.
Goals for this period are 5 for Punishers vs 0 for Mustangs.
Shots for this period are 16 for Punishers vs 3 for Mustangs.
3rd period
0:01 of 3rd period - Riley Armstrong wins face-off versus Petteri Nokelainen in neutral zone.
0:06 of 3rd period - Wrist shot by Riley Armstrong.
0:06 of 3rd period - Shot Misses the Net.
0:14 of 3rd period - Wrist shot by Eric Wellwood.
0:14 of 3rd period - Stopped by Niklas Svedberg without a rebound.
0:15 of 3rd period - Riley Armstrong wins face-off versus Petteri Nokelainen in Punishers zone.
0:47 of 3rd period - Icing by Marcus Foligno.
0:48 of 3rd period - Rick Schofield wins face-off versus Petteri Nokelainen in Mustangs zone.
0:55 of 3rd period - Adam McQuaid is hit by Denis Bodrov and loses puck.
1:08 of 3rd period - Wrist shot by Dainius Zubrus.
1:08 of 3rd period - Goal by Dainius Zubrus - Punishers : 7 - Mustangs : 3.
1:09 of 3rd period - Ryan Malone wins face-off versus Riley Armstrong in neutral zone.
1:19 of 3rd period - Penalty to Boone Jenner is over, Boone Jenner is back on ice.
1:59 of 3rd period - Slapshot by Joe Finley.
1:59 of 3rd period - Shot Blocked by Petteri Nokelainen.
2:01 of 3rd period - Slapshot by Alexei Marchenko.
2:01 of 3rd period - Deflect By Rick Schofield.
2:01 of 3rd period - Stopped by Niklas Svedberg with a rebound.
2:03 of 3rd period - Wrist shot by Marcus Foligno.
2:03 of 3rd period - Shot Blocked by Petteri Nokelainen.
2:27 of 3rd period - Snap shot by Jerome Samson.
2:27 of 3rd period - Deflect By Joshua Leivo.
2:27 of 3rd period - Stopped by Niklas Svedberg without a rebound.
2:28 of 3rd period - Riley Nash wins face-off versus Philippe Paradis in Punishers zone.
2:29 of 3rd period - Snap shot by Jerome Samson.
2:29 of 3rd period - Stopped by Niklas Svedberg without a rebound.
2:30 of 3rd period - Reilly Smith wins face-off versus Philippe Paradis in Punishers zone.
3:14 of 3rd period - Scott Mayfield is hit by Alex Petrovic and loses puck.
3:19 of 3rd period - Slapshot by Adam McQuaid.
3:19 of 3rd period - Stopped by Chet Pickard without a rebound.
3:20 of 3rd period - Jim O'Brien wins face-off versus Casey Cizikas in Mustangs zone.
3:26 of 3rd period - Off-side.
3:27 of 3rd period - Riley Armstrong wins face-off versus Petteri Nokelainen in neutral zone.
3:38 of 3rd period - Backhand shot by Riley Armstrong.
3:38 of 3rd period - Goal by Riley Armstrong - Punishers : 7 - Mustangs : 4.
3:39 of 3rd period - Riley Armstrong wins face-off versus Luke Adam in neutral zone.
3:44 of 3rd period - Icing by Miikka Salomaki.
3:45 of 3rd period - Riley Armstrong wins face-off versus Luke Adam in Punishers zone.
3:50 of 3rd period - Backhand shot by Reilly Smith.
3:50 of 3rd period - Shot Misses the Net.
4:16 of 3rd period - Snap shot by Dainius Zubrus.
4:16 of 3rd period - Shot Blocked by Denis Bodrov.
4:18 of 3rd period - Snap shot by Dainius Zubrus.
4:18 of 3rd period - Stopped by Chet Pickard with a rebound.
4:32 of 3rd period - Adam McQuaid is hit by Jim O'Brien and loses puck.
4:43 of 3rd period - Snap shot by Jim O'Brien.
4:43 of 3rd period - Shot Misses the Net.
5:01 of 3rd period - Snap shot by Jerome Samson.
5:01 of 3rd period - Stopped by Niklas Svedberg without a rebound.
5:02 of 3rd period - Luke Adam wins face-off versus Riley Armstrong in Punishers zone.
5:02 of 3rd period - Luke Adam is hit by Joe Finley.
5:48 of 3rd period - Snap shot by Radek Smolenak.
5:48 of 3rd period - Stopped by Chet Pickard without a rebound.
5:49 of 3rd period - Philippe Paradis wins face-off versus Jim O'Brien in Mustangs zone.
5:52 of 3rd period - Slapshot by Mike Weber.
5:52 of 3rd period - Deflect By Denis Bodrov.
5:52 of 3rd period - Stopped by Chet Pickard with a rebound.
5:56 of 3rd period - Slapshot by Radek Smolenak.
5:56 of 3rd period - Stopped by Chet Pickard with a rebound.
5:58 of 3rd period - Snap shot by Philippe Paradis.
5:58 of 3rd period - Stopped by Chet Pickard with a rebound.
6:00 of 3rd period - Snap shot by Mike Weber.
6:00 of 3rd period - Stopped by Chet Pickard without a rebound.
6:01 of 3rd period - Luke Adam wins face-off versus Riley Armstrong in Mustangs zone.
6:15 of 3rd period - Minor Penalty to Riley Armstrong for Interference.
6:16 of 3rd period - Jim O'Brien wins face-off versus Luke Adam in Mustangs zone.
6:24 of 3rd period - Wrist shot by Eric Wellwood.
6:24 of 3rd period - Deflect By Petteri Nokelainen.
6:24 of 3rd period - Shot Misses the Net.
6:24 of 3rd period - Puck is out of play.
6:25 of 3rd period - Miikka Salomaki wins face-off versus Jim O'Brien in Punishers zone.
6:52 of 3rd period - Wrist shot by Tanner Glass.
6:52 of 3rd period - Stopped by Chet Pickard with a rebound.
8:15 of 3rd period - Penalty to Riley Armstrong is over, Riley Armstrong is back on ice.
8:40 of 3rd period - Snap shot by Radek Smolenak.
8:40 of 3rd period - Stopped by Chet Pickard with a rebound.
8:46 of 3rd period - Snap shot by Radek Smolenak.
8:46 of 3rd period - Shot Blocked by Mark Pysyk.
8:48 of 3rd period - Wrist shot by Radek Smolenak.
8:48 of 3rd period - Shot Misses the Net.
8:58 of 3rd period - Mark Pysyk is hit by Frazer Mclaren and loses puck.
9:13 of 3rd period - Icing by Rick Schofield.
9:14 of 3rd period - Rick Schofield wins face-off versus Philippe Paradis in Mustangs zone.
10:01 of 3rd period - Snap shot by Jerome Samson.
10:01 of 3rd period - Deflect By Joshua Leivo.
10:01 of 3rd period - Shot Misses the Net.
10:01 of 3rd period - Puck is out of play.
10:02 of 3rd period - Luke Adam wins face-off versus Rick Schofield in Punishers zone.
10:02 of 3rd period - Luke Adam is hit by Ryan Keller.
10:07 of 3rd period - Off-side.
10:08 of 3rd period - Rick Schofield wins face-off versus Luke Adam in neutral zone.
10:20 of 3rd period - Minor Penalty to Joe Finley for Roughing.
10:21 of 3rd period - Riley Armstrong wins face-off versus Luke Adam in Mustangs zone.
10:30 of 3rd period - Slapshot by Mike Weber.
10:30 of 3rd period - Stopped by Chet Pickard with a rebound.
10:32 of 3rd period - Slapshot by Mike Weber.
10:32 of 3rd period - Stopped by Chet Pickard with a rebound.
10:34 of 3rd period - Snap shot by Miikka Salomaki.
10:34 of 3rd period - Shot Blocked by Cameron Gaunce.
10:54 of 3rd period - Cameron Gaunce is hit by Simon Despres and loses puck.
11:05 of 3rd period - Rick Schofield is hit by Simon Despres and loses puck.
12:00 of 3rd period - Mike Weber is hit by Rick Schofield and loses puck.
12:20 of 3rd period - Penalty to Joe Finley is over, Joe Finley is back on ice.
12:23 of 3rd period - Alexei Marchenko is hit by Adam McQuaid and loses puck.
12:48 of 3rd period - Snap shot by Joe Finley.
12:48 of 3rd period - Shot Misses the Net.
12:56 of 3rd period - Snap shot by Radek Smolenak.
12:56 of 3rd period - Shot Blocked by Alexei Marchenko.
12:58 of 3rd period - Slapshot by Matt Mackenzie.
12:58 of 3rd period - Deflect By Radek Smolenak.
12:58 of 3rd period - Shot Misses the Net.
12:58 of 3rd period - Puck is out of play.
12:59 of 3rd period - Casey Cizikas wins face-off versus Rick Schofield in Mustangs zone.
13:25 of 3rd period - Riley Nash is hit by Luke Adam.
13:29 of 3rd period - Wrist shot by Petteri Nokelainen.
13:29 of 3rd period - Shot Misses the Net.
13:42 of 3rd period - Mike Sauer is hit by Cameron Gaunce and loses puck.
13:49 of 3rd period - Wrist shot by Jerome Samson.
13:49 of 3rd period - Shot Misses the Net.
13:51 of 3rd period - Wrist shot by Riley Nash.
13:51 of 3rd period - Goal by Riley Nash - Punishers : 7 - Mustangs : 5.
13:52 of 3rd period - Rick Schofield wins face-off versus Tanner Glass in neutral zone.
14:29 of 3rd period - Slapshot by Adam McQuaid.
14:29 of 3rd period - Shot Misses the Net.
14:31 of 3rd period - Snap shot by Casey Cizikas.
14:31 of 3rd period - Stopped by Chet Pickard with a rebound.
14:48 of 3rd period - Adam McQuaid is hit by Rick Schofield.
15:57 of 3rd period - Wrist shot by Riley Armstrong.
15:57 of 3rd period - Stopped by Niklas Svedberg with a rebound.
15:59 of 3rd period - Snap shot by Reilly Smith.
15:59 of 3rd period - Stopped by Niklas Svedberg without a rebound.
16:00 of 3rd period - Petteri Nokelainen wins face-off versus Riley Armstrong in Punishers zone.
16:57 of 3rd period - Icing by Boone Jenner.
16:58 of 3rd period - Jim O'Brien wins face-off versus Boone Jenner in Punishers zone.
17:11 of 3rd period - Minor Penalty to Tanner Glass for Hooking.
17:12 of 3rd period - Riley Armstrong wins face-off versus Petteri Nokelainen in Punishers zone.
17:12 of 3rd period - Wrist shot by Reilly Smith.
17:12 of 3rd period - Stopped by Niklas Svedberg with a rebound.
17:39 of 3rd period - Ryan Malone is hit by Denis Bodrov and loses puck.
17:46 of 3rd period - Snap shot by Ryan Keller.
17:46 of 3rd period - Stopped by Niklas Svedberg without a rebound.
17:47 of 3rd period - Riley Armstrong wins face-off versus Petteri Nokelainen in Punishers zone.
17:58 of 3rd period - Slapshot by Reilly Smith.
17:58 of 3rd period - Shot Hit the Post.
18:02 of 3rd period - Snap shot by Reilly Smith.
18:02 of 3rd period - Deflect By Riley Armstrong.
18:02 of 3rd period - Goal by Riley Armstrong - Punishers : 7 - Mustangs : 6.
18:03 of 3rd period - Miikka Salomaki wins face-off versus Jim O'Brien in neutral zone.
18:08 of 3rd period - Wrist shot by J.T. Wyman.
18:08 of 3rd period - Shot Misses the Net.
18:48 of 3rd period - Off-side.
18:49 of 3rd period - Peter DeBoer call a timeout for Mustangs.
18:49 of 3rd period - Rick Schofield wins face-off versus Boone Jenner in neutral zone.
18:59 of 3rd period - Minor Penalty to Mike Weber for Roughing.
19:00 of 3rd period - Petteri Nokelainen wins face-off versus Riley Armstrong in Punishers zone.
19:08 of 3rd period - Mustangs, Chet Pickard is pulled from the net.
19:16 of 3rd period - Snap shot by Riley Armstrong.
19:16 of 3rd period - Stopped by Niklas Svedberg without a rebound.
19:17 of 3rd period - Rick Schofield wins face-off versus Petteri Nokelainen in Punishers zone.
Goals for this period are 1 for Punishers vs 3 for Mustangs.
Shots for this period are 13 for Punishers vs 13 for Mustangs.
Back to the Top